Map: Dusk Towers

Players

LilDicky - Winner!

  • Race: Terran Terran
  • League: Diamond

Buchanan

  • Race: Terran Terran
  • League: Master

VOD

http://www.twitch.tv/tumescentpie

Description

Time

  • Played on: Nov. 30, 2015, 11:33 a.m.
  • Length: 5:19
Show
View Real Time Build Order
Export as new Build Order

LilDicky Terran - Winner!

Build Orders:  

Get SALT Encoding   

  12  0:02  SCV  
  13  0:14  SCV  
  13  0:18  Supply Depot  
  14  0:26  SCV  
  15  0:40  SCV  
  15  0:41  Refinery  
  16  0:45  Barracks  
  16  0:52  SCV  
  17  1:04  SCV  
  18  1:16  SCV  
  19  1:29  Barracks  
  19  1:31  Barracks  
  19  1:35  Supply Depot  
  20  1:58  Reaper, Refinery  
  21  2:01  Orbital Command  
  19  2:17  Supply Depot  
  19  2:18  Reaper  
  19  2:19  Reaper  
  21  2:27  SCV  
  22  2:30  Reaper  
  23  2:39  SCV  
  24  2:50  Reaper  
  25  2:51  SCV, Reaper  
  25  2:53  Supply Depot  
  27  3:02  Reaper  
  27  3:03  SCV  
  29  3:15  SCV  
  30  3:22  Reaper  
  30  3:24  Reaper  
  30  3:41  Reaper  
  29  3:46  SCV  
  30  3:54  Reaper  
  31  3:56  Reaper  
  31  3:58  Command Center  
  31  4:00  Barracks  
  31  4:02  Refinery  
  32  4:04  Refinery  
  32  4:11  SCV  
  32  4:13  Reaper  
  33  4:26  Reaper  
  33  4:28  Reaper  
  29  4:45  Reaper  
Show
View Real Time Build Order
Export as new Build Order

Buchanan Terran 

Build Orders:  

Get SALT Encoding   

  12  0:01  SCV  
  13  0:13  SCV  
  14  0:17  Supply Depot  
  14  0:25  SCV  
  15  0:39  SCV, Barracks  
  16  0:46  Refinery  
  16  0:51  SCV  
  17  1:00  Barracks  
  17  1:04  SCV  
  18  1:17  SCV  
  19  1:29  Orbital Command  
  19  1:30  Reaper  
  20  1:36  Refinery  
  20  1:39  Supply Depot  
  20  1:51  Barracks  
  20  1:54  Reaper  
  20  1:59  SCV  
  22  2:11  Reaper  
  22  2:15  SCV  
  24  2:27  SCV  
  24  2:29  Supply Depot  
  25  2:31  Reaper  
  26  2:39  SCV  
  26  2:44  Reaper  
  28  2:51  SCV  
  28  2:54  Reaper  
  30  3:03  Reaper  
  31  3:15  Command Center  
  31  3:16  Reaper  
  31  3:17  SCV  
  33  3:26  Reaper  
  32  3:37  Reaper  
  32  3:39  SCV  
  34  3:43  Factory  
  34  3:44  Engineering Bay  
  34  3:48  Reaper  
  35  3:51  SCV  
  36  3:58  Supply Depot  
  36  3:59  Reaper  
  37  4:03  SCV  
  38  4:12  Missile Turret  
  38  4:13  Reaper  
  39  4:20  SCV, Reaper  
  41  4:31  Reaper  
  39  4:32  SCV  
  34  4:45  Reaper  
  31  4:55  SCV  
Tags
 
Add a new tag
Caveats
  • Supply blocks, unpowered buildings, or Contaminate may cause inaccurate times.
  • Supply counts are checked every 10 seconds.